 Dungeon Crawl Stone Soup version 0.20-a0-1018-ge435b50 (console) character file.

900 pagos the Cudgeler (level 7, -6/93 HPs)
             Began as a Minotaur Abyssal Knight on Apr 16, 2017.
             Was a Priest of Lugonu.
             Mangled by an ogre
             ... wielding a +0 giant club
              (12 damage)
             ... on level 5 of the Dungeon.
             The game lasted 00:09:30 (3413 turns).

pagos the Cudgeler (Minotaur Abyssal Knight)        Turns: 3413, Time: 00:09:31

Health: -6/93      AC: 23    Str: 18    XL:     7   Next: 79%
Magic:  0/9        EV:  2    Int:  9    God:    Lugonu [***...]
Gold:   339        SH:  0    Dex: 10    Spells: 6/6 levels left

rFire    . . .     SeeInvis .   B - +0 flail
rCold    . . .     Gourm    .   (no shield)
rNeg     + + +     Faith    .   (armour currently unavailable)
rPois    +         Spirit   +   (helmet currently unavailable)
rElec    .         Reflect  .   (cloak currently unavailable)
rCorr    .         Harm     .   (gloves currently unavailable)
MR       .....     NoTele   +   (boots currently unavailable)
Stlth    +.........             x - amulet of guardian spirit
Regen    0.3/turn               E - ring of teleportation (curse)
MPRegen  0.2/turn               z - +3 ring of evasion

@: tree-form
A: (retaliatory headbutt)
a: Depart the Abyss, Bend Space, Banish, Renounce Religion


You were on level 5 of the Dungeon.
You worshipped Lugonu.
Lugonu was most pleased with you.
You were not hungry.
You were a tree.
You visited 1 branch of the dungeon, and saw 5 of its levels.
You visited the Abyss 1 time.

You collected 339 gold pieces.

Inventory:

Hand Weapons
 a - a +1 mace
 B - a +0 flail (weapon)
Armour
 q - a +3 plate armour (melded)
 F - a +0 pair of gloves
Jewellery
 g - an uncursed ring of protection from fire
 j - an uncursed ring of resist corrosion
 x - an amulet of guardian spirit (around neck)
 z - a +3 ring of evasion (right branch)
 E - a cursed ring of teleportation (left branch)
Wands
 D - a wand of polymorph (13/24)
Scrolls
 d - 3 scrolls of teleportation
 e - a scroll of enchant weapon {unknown}
 i - a scroll of recharging
 p - a scroll of vulnerability {unknown}
 u - 2 scrolls of immolation {unknown}
 y - 2 scrolls of remove curse {unknown}
 A - a scroll of fog {unknown}
 C - 5 scrolls of identify
Potions
 f - a potion of might {unknown}
 h - a potion of curing {unknown}
 k - 2 potions of agility
 l - a potion of magic {unknown}
 n - a potion of cancellation {unknown}
 o - 2 potions of heal wounds {unknown}
 s - 2 potions of haste
 t - 2 potions of brilliance {unknown}
 w - 3 potions of berserk rage {unknown}
Comestibles
 c - 5 bread rations
 m - a fruit
 r - 2 meat rations
 v - a royal jelly


   Skills:
 + Level 5.7 Fighting
 * Level 6.4 Maces & Flails
 + Level 4.7 Armour
 + Level 4.0 Dodging
 + Level 4.1 Invocations


You had 6 spell levels left.
You didn't know any spells.

Dungeon Overview and Level Annotations

Branches:
Dungeon (5/15)             Temple (0/1) D:4

Altars:
Ashenzari
Elyvilon
Kikubaaqudgha
Sif Muna
Trog
Vehumet
The Shining One

Shops:
D:5 =


Innate Abilities, Weirdness & Mutations

((You reflexively headbutt those who attack you in melee.))
((You have a pair of horns on your head.))


Message History

You destroy the worker ant zombie!
Lugonu accepts your kill.
You hit the ogre.
The ogre is lightly wounded.
The ogre hits you with a giant club!
You turn into a tree.
Your +3 plate armour melds into your body.
Your roots penetrate the ground.
The ogre hits you with a giant club!
* * * LOW HITPOINT WARNING * * *
You hit the ogre.
The ogre is moderately wounded.
The ogre hits you with a giant club.
* * * LOW HITPOINT WARNING * * *
You hit the ogre.
The ogre is heavily wounded.
The orc priest invokes the aid of Beogh against you.
Beogh smites you!
* * * LOW HITPOINT WARNING * * *
The ogre hits you with a giant club!
You die...

.##<...# .......#
.##....# .##....#
#............ ###....#
...........#+# # #....#
..........#.# # #....#
......(....#####
###.####
#.............## ....##
#.............## .....#
###o...........)##
.###.#
#♣Oo........>...l( .#
#.# #.####.####.....##
.# #.#
##.##.....##.....'. ##
#.# #..#..O....#.....##
####.#
#..#o......#.....#
.....#
######..)(.._......##.#
######
#.......#...(...#.# #.#
#.......#.......#.# #.#
#.......##.....## # ...
#.......####.###


You could see an ogre, an orc priest and an orc.

Vanquished Creatures
  An orc warrior (D:5)
  2 ogres (D:5)
  2 scorpions (D:4)
  A howler monkey (D:4)
  A bullfrog zombie (D:5)
  A crimson imp (D:5)
  A bullfrog skeleton (D:5)
  An orc wizard (D:3)
  An orc priest (D:3)
  3 hounds
  2 worker ants (D:4)
  A worker ant zombie (D:5)
  4 gnolls (D:4)
  5 adders
  5 worms
  2 dart slugs (D:1)
  8 leopard geckos
  19 orcs
  6 bats
  2 giant cockroaches (D:4)
  6 goblins
  7 hobgoblins
  4 quokkas
  3 ball pythons
  4 frilled lizards
  4 kobolds
  4 rats
100 creatures vanquished.

Notes
Turn   | Place    | Note
-------+----------+-------------------------------------------
     0 | Abyss:1  | pagos the Minotaur Abyssal Knight began the quest for the Orb.
     0 | Abyss:1  | Reached XP level 1. HP: 19/19 MP: 1/1
    77 | Abyss:1  | Noticed an orange demon
    78 | D:1      | Escaped the Abyss
   181 | D:1      | Reached * piety under Lugonu
   191 | D:1      | Reached XP level 2. HP: 9/27 MP: 2/2
   405 | D:1      | Reached skill level 3 in Maces & Flails
   774 | D:2      | Reached XP level 3. HP: 31/33 MP: 3/3
   958 | D:2      | Found a deep blue altar of Sif Muna.
  1100 | D:2      | Found a radiant altar of Vehumet.
  1199 | D:3      | Found a white marble altar of Elyvilon.
  1334 | D:3      | Reached XP level 4. HP: 40/40 MP: 2/4
  1344 | D:3      | Reached ** piety under Lugonu
  1346 | D:3      | Found an ancient bone altar of Kikubaaqudgha.
  1404 | D:3      | Reached skill level 4 in Maces & Flails
  1504 | D:3      | Reached XP level 5. HP: 47/47 MP: 4/6
  2085 | D:4      | Reached XP level 6. HP: 19/55 MP: 5/7
  2311 | D:4      | Found a staircase to the Ecumenical Temple.
  2492 | D:4      | Reached skill level 5 in Fighting
  2529 | D:4      | Found a bloodstained altar of Trog.
  2725 | D:4      | Reached skill level 5 in Maces & Flails
  2786 | D:4      | Found a shattered altar of Ashenzari.
  2966 | D:5      | Entered Level 5 of the Dungeon
  2991 | D:5      | Reached XP level 7. HP: 58/61 MP: 8/8
  3040 | D:5      | Reached *** piety under Lugonu
  3160 | D:5      | Reached skill level 6 in Maces & Flails
  3274 | D:5      | Found Yshifisch's Jewellery Emporium.
  3388 | D:5      | Found a glowing golden altar of the Shining One.
  3413 | D:5      | Mangled by an ogre

Vault maps used:
D:1:      denvon_arrival_planthouse
D:2:      led_sif_pool, nicolae_overflow_hidden_temple, fiery_altar_vehumet,
          first_bread
D:3:      wad_crossroads, elyvilon_altar_4, nicolae_overflow_crystal_walls
D:4:      kennysheep_mini, lemuel_round_altar, minmay_temple_entry_hall
D:5:      old_standard_altar, serial_corexii_hall, corexii_hall_statues_i,
          corexii_hall_statues_l, serial_shops, shop,
          hangedman_abyss_or_decor_passed

Skill      XL: |  1  2  3  4  5  6  7 |
---------------+----------------------+-----
Invocations    | 2 3 4 |  4.1
Maces & Flails | 3 4 5 6 |  6.4
Fighting       | 4 5 |  5.7
Armour         | 3 4 |  4.7
Dodging        | 2 3 4 |  4.0

Action                   |  1- 3 |  4- 6 |  7- 9 || total
-------------------------+-------+-------+-------++-------
Melee: Mace              |    76 |    78 |       ||   154
       Headbutt          |    13 |    22 |    17 ||    52
       Flail             |       |    69 |    69 ||   138
Invok: Depart the Abyss  |     1 |       |       ||     1
  Use: Scroll            |       |     6 |     1 ||     7
       Potion            |       |     1 |     1 ||     2
  Eat: Chunk             |     1 |     4 |     3 ||     8
Armor: Leather armour    |    11 |       |       ||    11
       Chain mail        |    30 |    10 |       ||    40
       Plate armour      |       |    74 |    71 ||   145
       Skin              |       |     6 |       ||     6
Dodge: Dodged            |    37 |    80 |    37 ||   154
